AoeStats
← Milo Thatch

Four Lakes

509785896Analyzed
1v1 RM · 5d ago on Sep 28, 2026· 21m 34s· 2 players
Game mode
Random Map
Map size
Tiny (2 player)
Population
200
Speed
Normal
Resources
Standard
Victory
Conquest
Starting age
Dark Age
Ending age
Imperial Age
RankedLock teamsTeams togetherTeam positionsShared explorationLock speedFull tech treeHidden civsTurbo modeCheats
Victory
Defeat
🇺🇸 Dravidians · United States
985
+16
🇺🇸 Vietnamese · United States
994
-45
theclaydude
8:12 Loom
10:54 Feudal Age
12:40 Double-Bit Axe
15:55 Castle Age
14:24 Fletching
14:45 Gold Mining
14:40 Man-at-Arms
16:51 Squires
17:38 Horse Collar
17:26 Elite Skirmisher
18:05 Gambesons
17:41 Long Swordsman
20:40 Scale Mail Armor
20:37 Bodkin Arrow
Milo Thatch
6:21 Loom
10:36 Feudal Age
13:01 Horse Collar
13:16 Double-Bit Axe
17:16 Man-at-Arms
21:41 Forging
21:32 Scale Mail Armor
Connection lost

Rejoining the realm…

Still unreachable

The connection could not be restored.

Session expired

The server has moved on; the page needs a fresh start.